 Dungeon Crawl Stone Soup version 0.22.1-1-ga44c0e56f4 (webtiles) character file.

2661 Henning the Skirmisher (level 9, -3/74 HPs)
             Began as a Gnoll Abyssal Knight on Oct 2, 2018.
             Was an Elder of Lugonu.
             Slain by a two-headed ogre
             ... wielding a +0 giant club
              (8 damage)
             ... on level 7 of the Dungeon.
             The game lasted 00:20:42 (6675 turns).

Henning the Skirmisher (Gnoll Abyssal Knight)       Turns: 6675, Time: 00:20:43

Health: -3/74      AC: 12    Str: 17    XL:     9   Next: 63%
Magic:  24/24      EV: 10    Int: 15    God:    Lugonu [****..]
Gold:   262        SH:  5    Dex: 17    Spells: 16/16 levels left

rFire    x . .     SeeInvis .   D - +2 trident of the Lamprey {freeze, MP+9 Str+2}
rCold    + . .     Gourm    .   o - +0 buckler
rNeg     + . .     Faith    .   f - +0 chain mail
rPois    .         Spirit   .   d - +0 helmet
rElec    .         Reflect  .   (no cloak)
rCorr    .         Harm     .   b - +0 pair of gloves
MR       .....                  (no boots)
Stlth    ..........             n - amulet of the acrobat
HPRegen  0.22/turn              j - ring of positive energy
MPRegen  0.19/turn              u - ring of ice

@: no status effects
A: distributed training, fangs 1, strong nose
a: Depart the Abyss, Bend Space, Banish, Corrupt, Renounce Religion


You were on level 7 of the Dungeon.
You worshipped Lugonu.
Lugonu was greatly pleased with you.
You were hungry.

You visited 1 branch of the dungeon, and saw 8 of its levels.
You visited the Abyss 1 time.

You collected 262 gold pieces.

Inventory:

Hand Weapons
 a - a +1 mace
 v - a +1 dire flail of protection
 D - the +2 trident of the Lamprey (weapon) {freeze, MP+9 Str+2}
   (You found it on level 6 of the Dungeon)

   It has been specially enchanted to freeze those struck by it, causing extra
   injury to most foes and up to half again as much damage against particularly
   susceptible opponents.
   It can also slow down cold-blooded creatures.
   It affects your strength (+2).
   It affects your magic capacity (+9).
Armour
 b - a +0 pair of gloves (worn)
 d - a +0 helmet (worn)
 f - a +0 chain mail (worn)
 o - a +0 buckler (worn)
 p - a +0 shield
Jewellery
 j - a ring of positive energy (left hand)
 n - an amulet of the acrobat (around neck)
 u - a ring of ice (right hand)
Wands
 x - a wand of disintegration (18)
 C - a wand of iceblast (10)
Scrolls
 e - a scroll of enchant weapon
 i - a scroll of amnesia
 l - 2 scrolls of remove curse
 r - 2 scrolls of fog
 s - a scroll of magic mapping
 t - 2 scrolls of teleportation
Potions
 h - a potion of ambrosia
 k - 5 potions of brilliance
 m - a potion of heal wounds
 q - 2 potions of lignification
 z - a potion of haste {unknown}
 A - a potion of resistance {unknown}
 B - a potion of mutation {unknown}
Comestibles
 c - 17 rations


   Skills:
 + Level 7.9 Fighting
 + Level 4.3 Short Blades
 + Level 4.3 Long Blades
 + Level 4.3 Axes
 + Level 6.4 Maces & Flails
 + Level 4.3 Polearms
 + Level 4.3 Staves
 + Level 4.3 Slings
 + Level 4.3 Bows
 + Level 4.3 Crossbows
 + Level 4.3 Throwing
 + Level 6.4 Armour
 + Level 5.1 Dodging
 + Level 4.3 Stealth
 + Level 4.3 Shields
 + Level 4.3 Unarmed Combat
 + Level 4.3 Spellcasting
 + Level 3.6 Conjurations
 + Level 3.6 Hexes
 + Level 3.6 Charms
 + Level 3.6 Summonings
 + Level 3.6 Necromancy
 + Level 3.6 Translocations
 + Level 3.6 Transmutations
 + Level 3.6 Fire Magic
 + Level 3.6 Ice Magic
 + Level 3.6 Air Magic
 + Level 3.6 Earth Magic
 + Level 3.6 Poison Magic
 + Level 6.7 Invocations
 + Level 4.3 Evocations


You had 16 spell levels left.
You didn't know any spells.
Your spell library contained the following spells:

 Spells                   Type           Power        Failure   Level  Hunger
 Animate Skeleton         Necr           N/A          43%         1    None
 Pain                     Necr           ##..         43%         1    None
 Regeneration             Chrm/Necr      ##........   82%         3    ###....
 Vampiric Draining        Necr           ##........   82%         3    ###....
 Animate Dead             Necr           N/A          99%         4    ####...


Dungeon Overview and Level Annotations

Branches:
Dungeon (8/15)             Temple (0/1) D:6
   Lair: D:8-11

Altars:
Cheibriados
Elyvilon
Kikubaaqudgha
Nemelex Xobeh
Qazlal
Ru
Sif Muna
Uskayaw
Vehumet
Xom
Yredelemnul
The Shining One


Innate Abilities, Weirdness & Mutations

Your experience applies equally to all skills.
You have very sharp teeth.
Your uncanny sense of smell can sniff out nearby items.


Message History

The two-headed ogre hits you with a giant club! x2
* * * LOW HITPOINT WARNING * * *
You puncture the two-headed ogre! You freeze the two-headed ogre.
The two-headed ogre is severely wounded.
The two-headed ogre hits you with a giant club.
* * * LOW HITPOINT WARNING * * *
The two-headed ogre hits you with a giant club!
* * * LOW HITPOINT WARNING * * *
You hit the two-headed ogre but do no damage.
The two-headed ogre is severely wounded.
You hit the two-headed ogre. You freeze the two-headed ogre.
Your bite misses the two-headed ogre.
The two-headed ogre is severely wounded.
You block the two-headed ogre's attack.
The two-headed ogre hits you but does no damage.
You puncture the two-headed ogre! You freeze the two-headed ogre.
The two-headed ogre is almost dead.
You block the two-headed ogre's attack.
The two-headed ogre hits you with a giant club!
You die...

####### #.....# #.###.#
#.#.#.### #.......#
######.#.###
#......#...# #
#.##.....#.########## #
#.##..O@.+..........# #
#.##.....#.###......## #
#.##.....#.###......>###
#......................'
####.....#.###.....#..##
#.....#.# #.....##.##
#.....#.##########.##
#######....# #..#
#.....'....# ##.#


You could see a two-headed ogre.

Vanquished Creatures
  Grinder (D:6)
  A spriggan (D:7)
  Sigmund (D:6)
  Menkaure (D:6)
  Edmund (D:5)
  A black bear (D:7)
  An orc warrior (D:7)
  An ogre (D:7)
  6 centaurs
  2 bullfrogs
  A scorpion (D:6)
  A howler monkey (D:5)
  5 crimson imps
  A centaur zombie (D:7)
  2 hounds
  3 orc priests
  2 centaur skeletons (D:5)
  2 orc wizards (D:5)
  A bullfrog skeleton (D:6)
  Jessica (D:2)
  4 worker ants
  A hound skeleton (D:6)
  A worker ant zombie (D:6)
  4 gnolls (D:6)
  7 adders
  4 river rats (D:5)
  2 shadow imps (D:7)
  An adder skeleton (D:4)
  5 worms
  2 dart slugs
  5 leopard geckos
  16 orcs
  4 giant cockroaches
  11 goblins
  8 hobgoblins
  22 jackals
  A quokka (D:7)
  5 ball pythons
  7 bats
  6 frilled lizards
  7 kobolds
  9 rats
167 creatures vanquished.

Vanquished Creatures (others)
  An orc wizard (D:5)
1 creature vanquished.

Grand Total: 168 creatures vanquished

Notes
Turn   | Place    | Note
-------+----------+-------------------------------------------
     0 | Abyss:1  | Henning the Gnoll Abyssal Knight began the quest for the
                  | Orb.
     0 | Abyss:1  | Reached XP level 1. HP: 23/23 MP: 3/3
    25 | D:1      | Escaped the Abyss
   260 | D:1      | Reached XP level 2. HP: 29/29 MP: 5/5
   450 | D:1      | Reached ** piety under Lugonu
   774 | D:2      | Reached XP level 3. HP: 35/35 MP: 6/6
   946 | D:2      | Found a hide-covered altar of Uskayaw.
  1010 | D:2      | Reached skill level 1 in Short Blades
  1010 | D:2      | Reached skill level 1 in Long Blades
  1010 | D:2      | Reached skill level 1 in Axes
  1010 | D:2      | Reached skill level 1 in Polearms
  1010 | D:2      | Reached skill level 1 in Staves
  1010 | D:2      | Reached skill level 1 in Slings
  1010 | D:2      | Reached skill level 1 in Bows
  1010 | D:2      | Reached skill level 1 in Crossbows
  1010 | D:2      | Reached skill level 1 in Throwing
  1010 | D:2      | Reached skill level 1 in Stealth
  1010 | D:2      | Reached skill level 1 in Shields
  1010 | D:2      | Reached skill level 1 in Unarmed Combat
  1010 | D:2      | Reached skill level 1 in Spellcasting
  1010 | D:2      | Reached skill level 1 in Evocations
  1014 | D:2      | Reached XP level 4. HP: 30/41 MP: 7/7
  1195 | D:2      | Noticed Jessica
  1200 | D:2      | Killed Jessica
  1368 | D:2      | Reached skill level 1 in Conjurations
  1368 | D:2      | Reached skill level 1 in Hexes
  1368 | D:2      | Reached skill level 1 in Charms
  1368 | D:2      | Reached skill level 1 in Summonings
  1368 | D:2      | Reached skill level 1 in Necromancy
  1368 | D:2      | Reached skill level 1 in Translocations
  1368 | D:2      | Reached skill level 1 in Transmutations
  1368 | D:2      | Reached skill level 1 in Fire Magic
  1368 | D:2      | Reached skill level 1 in Ice Magic
  1368 | D:2      | Reached skill level 1 in Air Magic
  1368 | D:2      | Reached skill level 1 in Earth Magic
  1368 | D:2      | Reached skill level 1 in Poison Magic
  1601 | D:3      | Found an ancient bone altar of Kikubaaqudgha.
  1678 | D:3      | Reached *** piety under Lugonu
  1721 | D:3      | Reached XP level 5. HP: 41/47 MP: 8/8
  2082 | D:3      | Found a faded altar of an unknown god.
  2431 | D:3      | Found a sacrificial altar of Ru.
  2699 | D:4      | Reached skill level 5 in Invocations
  2699 | D:4      | Reached XP level 6. HP: 37/53 MP: 9/9
  2956 | D:4      | Found a deep blue altar of Sif Muna.
  3034 | D:4      | Found a basalt altar of Yredelemnul.
  3092 | D:4      | Found a white marble altar of Elyvilon.
  3507 | D:5      | Entered Level 5 of the Dungeon
  3651 | D:5      | Reached **** piety under Lugonu
  3651 | D:5      | Reached skill level 5 in Maces & Flails
  3651 | D:5      | Reached skill level 5 in Armour
  3729 | D:5      | Reached XP level 7. HP: 18/59 MP: 10/10
  4028 | D:5      | Noticed Edmund
  4052 | D:5      | Killed Edmund
  4052 | D:5      | Reached skill level 7 in Fighting
  4084 | D:5      | Found a snail-covered altar of Cheibriados.
  4477 | D:5      | Reached XP level 8. HP: 41/67 MP: 12/12
  4609 | D:6      | Found a staircase to the Ecumenical Temple.
  4668 | D:6      | Noticed Menkaure
  4673 | D:6      | Killed Menkaure
  4759 | D:6      | Found a sparkling altar of Nemelex Xobeh.
  4795 | D:6      | Noticed Grinder
  4812 | D:6      | Paralysed by Grinder for 4 turns
  4822 | D:6      | Killed Grinder
  5103 | D:6      | Got a fine trident
  5104 | D:6      | Identified the cursed +2 trident of the Lamprey {freeze,
                  | MP+9 Str+2} (You found it on level 6 of the Dungeon)
  5122 | D:6      | Noticed Sigmund
  5164 | D:6      | Killed Sigmund
  5437 | D:6      | Found a glowing golden altar of the Shining One.
  5442 | D:6      | Found a shimmering altar of Xom.
  5445 | D:6      | Found a radiant altar of Vehumet.
  5449 | D:6      | Reached XP level 9. HP: 58/72 MP: 14/14
  6268 | D:7      | Reached skill level 5 in Dodging
  6662 | D:8      | Found a stormy altar of Qazlal.
  6662 | D:8      | Noticed a two-headed ogre
  6675 | D:7      | Slain by a two-headed ogre

Skill      XL: |  1  2  3  4  5  6  7  8  9 |
---------------+----------------------------+-----
Short Blades   | 1 2 3 4 |  4.3
Long Blades    | 1 2 3 4 |  4.3
Axes           | 1 2 3 4 |  4.3
Polearms       | 1 2 3 4 |  4.3
Staves         | 1 2 3 4 |  4.3
Slings         | 1 2 3 4 |  4.3
Bows           | 1 2 3 4 |  4.3
Crossbows      | 1 2 3 4 |  4.3
Throwing       | 1 2 3 4 |  4.3
Stealth        | 1 2 3 4 |  4.3
Shields        | 1 2 3 4 |  4.3
Unarmed Combat | 1 2 3 4 |  4.3
Spellcasting   | 1 2 3 4 |  4.3
Evocations     | 1 2 3 4 |  4.3
Conjurations   | 1 2 3 |  3.6
Hexes          | 1 2 3 |  3.6
Charms         | 1 2 3 |  3.6
Summonings     | 1 2 3 |  3.6
Necromancy     | 1 2 3 |  3.6
Translocations | 1 2 3 |  3.6
Transmutations | 1 2 3 |  3.6
Fire Magic     | 1 2 3 |  3.6
Ice Magic      | 1 2 3 |  3.6
Air Magic      | 1 2 3 |  3.6
Earth Magic    | 1 2 3 |  3.6
Poison Magic   | 1 2 3 |  3.6
Dodging        | 3 4 5 |  5.1
Invocations    | 5 6 |  6.7
Maces & Flails | 5 6 |  6.4
Armour         | 5 6 |  6.4
Fighting       | 7 |  7.9

Action                   |  1- 3 |  4- 6 |  7- 9 || total
-------------------------+-------+-------+-------++-------
Melee: Mace              |   102 |   245 |   144 ||   491
       Bite              |    11 |    27 |    48 ||    86
       Punch             |     1 |       |     3 ||     4
       Dire flail        |       |       |    80 ||    80
       Trident           |       |       |   170 ||   170
  Use: Scroll            |       |       |    14 ||    14
  Eat: Chunk             |       |     9 |    10 ||    19
Armor: Chain mail        |    84 |   193 |   224 ||   501
Dodge: Dodged            |    40 |   112 |   159 ||   311
Block: Buckler           |       |    41 |    36 ||    77
       Shield            |       |       |     4 ||     4
